 Dungeon Sprint DCSS version bcrawl-1.17.3 (webtiles) character file.

Game seed: 17567852552341643881

357 Freyura the Grappler (level 6, -3/72 HPs)
             Began as a Troll Fighter on Oct 21, 2019.
             Was a Follower of the Shining One.
             Slain by a cyclops (8 damage)
             ... in the Dungeon (Sprint IX: "|||||||||||||||||||||||||||||").
             The game lasted 00:02:50 (150 turns).

Freyura the Grappler (Troll Fighter)                 Turns: 150, Time: 00:02:51

Health: -3/72      AC:  8    Str: 28    XL:     6   Next: 37%
Magic:  4/7        EV: 10    Int:  5    God:    the Shining One [*.....]
Gold:   0          SH:  0    Dex: 11    Spells: 5/5 levels left

rFire    . . .     SeeInvis .     - Unarmed
rCold    . . .     Gourm    +   (no shield)
rNeg     . . .     Faith    .   (armour unavailable)
rPois    .         Spirit   .   (helmet restricted)
rElec    .         Reflect  .   (no cloak)
rCorr    .         Harm     .   (gloves unavailable)
MR       .....     NoTele   +   (boots unavailable)
Stlth    +.........             (no amulet)
HPRegen  0.62/turn              m - +2 ring of protection
MPRegen  0.10/turn              n - +3 ring of strength

@: glowing
A: large, almost no armour, unfitting armour, claws 3, fast metabolism 3,
gourmand, regeneration 1, AC +6
a: Renounce Religion


You were in the Dungeon.
You worshipped the Shining One.
The Shining One was aware of your devotion.
You were completely stuffed.

You visited 1 branch

Inventory:

Jewellery
 m - a +2 ring of protection (left claw)
 n - a +3 ring of strength (right claw)
Wands
 l - a wand of iceblast (10)
Scrolls
 i - 2 scrolls of blinking
 j - 3 scrolls of remove curse
 k - 2 scrolls of amnesia
Potions
 b - a potion of might
 d - 5 potions of curing
 e - 2 potions of heal wounds
 f - a potion of haste
 g - 4 potions of magic
 h - a potion of berserk rage
Comestibles
 a - 4 chunks of flesh
 c - 2 rations {!d}


   Skills:
 + Level 7.7 Fighting
 - Level 2.4 Dodging
   Level 2.0 Shields
 * Level 9.9 Unarmed Combat
 + Level 3.8 Invocations


You had 5 spell levels left.
You didn't know any spells.
Your spell library was empty.

Dungeon Overview and Level Annotations

Branches:
Dungeon (1/1)

Altars:
Cheibriados
Dithmenos
Elyvilon
Fedhas
Gozag
Hepliaklqana
Kikubaaqudgha
Lugonu
Makhleb
Nemelex Xobeh
Okawaru
Qazlal
Ru
Sif Muna
Trog
Uskayaw
Vehumet
Wu Jian
Xom
Yredelemnul
Zin
The Shining One
Beogh
Jiyva


Innate Abilities, Weirdness & Mutations

You cannot wear most types of armour.
Your thick skin is tough. (AC +6)
You are too large for most types of armour.
You have claws for hands.
Your metabolism is lightning-fast.
You like to eat raw meat.
Your natural rate of healing is unusually fast.


Message History

Your experience leads to an increase in your attributes!
Your base attributes are Str 24, Int 5, Dex 10.
Increase (S)trength, (I)ntelligence, or (D)exterity?
You feel agile.
You feel stronger.
The cyclops throws a large rock.
The large rock hits you!!
* * * LOW HITPOINT WARNING * * *
You see here a sky beast corpse.
You mangle the cyclops!! You claw the cyclops.
The cyclops is heavily wounded.
The cyclops closely misses you.
You claw the cyclops!
The cyclops is severely wounded.
You claw the cyclops!
The cyclops is almost dead.
The cyclops hits you!
* * * LOW HITPOINT WARNING * * *
You barely miss the cyclops.
The cyclops is almost dead.
The cyclops hits you!
You die...

▓|▓
▓)▓
▓[▓
▓[▓
▓[▓
▓.▓
▓.▓
▓'▓
▓@▓
▓C▓
▓Y▓
▓u▓
▓o▓
▓.▓
▓+▓


You could see a purple ugly thing, a cyclops, a yak and an orc.

Vanquished Creatures
  A sky beast (D)
  A black bear (D)
  A centaur (D)
  A crimson imp (D)
  2 hounds (D)
  An orc (D)
  A goblin (D)
  A hobgoblin (D)
  A bat (D)
  2 frilled lizards (D)
12 creatures vanquished.

Notes
Turn   | Place    | Note
-------+----------+-------------------------------------------
     0 | D        | Freyura the Troll Fighter began the quest for the Orb.
     0 | D        | Reached XP level 1. HP: 22/22 MP: 0/0
    17 | D        | Reached skill level 3 in Unarmed Combat
    35 | D        | Noticed a crimson imp
    35 | D        | Noticed a centaur
    35 | D        | Noticed a hound
    35 | D        | Noticed a hound
    46 | D        | Killed a centaur
    46 | D        | Reached skill level 5 in Fighting
    46 | D        | Reached skill level 6 in Unarmed Combat
    46 | D        | Reached XP level 2. HP: 23/35 MP: 1/1
    46 | D        | Reached XP level 3. HP: 27/42 MP: 2/2
    46 | D        | Gained mutation: Your natural rate of healing is unusually
                  | fast. [Troll growth]
    46 | D        | Reached XP level 4. HP: 32/50 MP: 3/3
    52 | D        | Reached skill level 7 in Unarmed Combat
    52 | D        | Reached XP level 5. HP: 34/61 MP: 4/4
    55 | D        | Reached skill level 8 in Unarmed Combat
    93 | D        | Found a roughly hewn altar of Beogh.
    93 | D        | Found a snail-covered altar of Cheibriados.
    93 | D        | Found a shadowy altar of Dithmenos.
    93 | D        | Found a white marble altar of Elyvilon.
    93 | D        | Found a blossoming altar of Fedhas.
    93 | D        | Found an opulent altar of Gozag.
    94 | D        | Found a hazy altar of Hepliaklqana.
    95 | D        | Found a viscous altar of Jiyva.
    96 | D        | Found an ancient bone altar of Kikubaaqudgha.
    97 | D        | Found a corrupted altar of Lugonu.
    98 | D        | Found a burning altar of Makhleb.
    99 | D        | Found a sparkling altar of Nemelex Xobeh.
   100 | D        | Found an iron altar of Okawaru.
   101 | D        | Found a stormy altar of Qazlal.
   102 | D        | Found a sacrificial altar of Ru.
   103 | D        | Found a shimmering blue altar of Sif Muna.
   104 | D        | Found a bloodstained altar of Trog.
   105 | D        | Found a hide-covered altar of Uskayaw.
   106 | D        | Found a radiant altar of Vehumet.
   107 | D        | Found an ornate altar of the Wu Jian Council.
   108 | D        | Found a shimmering altar of Xom.
   109 | D        | Found a basalt altar of Yredelemnul.
   110 | D        | Found a glowing silver altar of Zin.
   111 | D        | Found a glowing golden altar of the Shining One.
   119 | D        | Became a worshipper of the Shining One
   138 | D        | Noticed a black bear
   138 | D        | Noticed a sky beast
   138 | D        | Noticed a cyclops
   138 | D        | Noticed a yak
   138 | D        | Reached * piety under the Shining One
   138 | D        | Noticed a purple ugly thing
   141 | D        | Killed a black bear
   141 | D        | Reached skill level 9 in Unarmed Combat
   145 | D        | Killed a sky beast
   145 | D        | Reached XP level 6. HP: 46/72 MP: 4/7
   150 | D        | Slain by a cyclops

Skill      XL: |  1  2  3  4  5 |
---------------+----------------+-----
Fighting       | 5 6 7 |  7.7
Unarmed Combat | 6 7 9 |  9.9
Invocations    | 3 |  3.8
Dodging        | |  2.4
Shields        | |  2.0

Action                   |  1- 3 |  4- 6 || total
-------------------------+-------+-------++-------
Melee: Unarmed           |    16 |    19 ||    35
       Punch             |     1 |     2 ||     3
  Use: Potion            |     1 |       ||     1
  Eat: Chunk             |     6 |       ||     6
Armor: Skin              |     4 |     3 ||     7
Dodge: Dodged            |     8 |     8 ||    16
